 Dungeon Crawl Stone Soup version 0.28.0-47-ge53b351184 (webtiles) character file.

Game seed: 11868701138865075299

33 Kaptain the Digger (level 3, -6/20 HPs)
             Began as a Gargoyle Earth Elementalist on Apr 25, 2022.
             Mangled by Crazy Yiuf
             ... wielding a +2 quarterstaff of chaos
              (14 damage)
             ... on level 2 of the Dungeon.
             The game lasted 00:03:09 (1927 turns).

Kaptain the Digger (Gargoyle Earth Elementalist)    Turns: 1927, Time: 00:03:10

Health: -6/20      AC:  5    Str: 11    XL:     3   Next: 29%
Magic:  4/6        EV: 12    Int: 17    God:
Gold:   18         SH:  0    Dex: 10    Spells: 2/6 levels left

rFire   . . .      SeeInvis .   d - +0 short sword
rCold   . . .      Faith    .   (no shield)
rNeg    + . .      Spirit   .   b - +0 robe
rPois   ∞          Reflect  .   (no helmet)
rElec   +          Harm     .   (no cloak)
rCorr   .          Rampage  .   (no gloves)
Will    .....                   (no boots)
Stlth   ++........              (no amulet)
HPRegen 0.06/turn               (no ring)
MPRegen 0.10/turn               (no ring)

@: very slightly contaminated
A: sickness immunity, AC +3, negative energy resistance 1, electricity
resistance, torment resistance 1, petrification resistance
a: no special abilities


You were on level 2 of the Dungeon.
You visited 1 branch of the dungeon, and saw 2 of its levels.

You collected 30 gold pieces.
You spent 12 gold pieces at shops.

Inventory:

Hand Weapons
 d - a +0 short sword (weapon)
 e - a +0 hunting sling
 h - a +0 hand axe
Missiles
 c - 60 stones
Armour
 b - a +0 robe (worn)
Scrolls
 a - a scroll of enchant armour {unknown}
 f - a scroll of teleportation {unknown}
 g - a scroll of immolation {unknown}


   Skills:
 * Level 1.0 Fighting
 + Level 1.0 Armour
 - Level 1.7 Dodging
 + Level 2.1 Stealth
 + Level 0.0 Shields
 * Level 2.2 Spellcasting
 * Level 1.0 Conjurations
 - Level 0.7 Transmutations
 * Level 4.0 Earth Magic


You had 2 spell levels left.
You knew the following spells:

 Your Spells              Type           Power      Damage    Failure   Level
a - Sandblast             Erth           30%        2d9       3%          1
b - Stone Arrow           Conj/Erth      20%        3d8       21%         3

Your spell library contained the following spells:

 Spells                   Type           Power      Damage    Failure   Level
 Passwall                 Tmut/Erth      8%         N/A       11%         2
 Ozocubu's Armour         Ice            1%         N/A       50%         3
 Petrify                  Tmut/Erth      10%        N/A       56%         4
 Ozocubu's Refrigeration  Ice            0%         4d5       100%        7


Dungeon Overview and Level Annotations

Branches:
Dungeon (2/15)

Altars:

Shops:
D:2 [!

Annotations:
D:2 Crazy Yiuf


Innate Abilities, Weirdness & Mutations

You are immune to sickness and miasma.
Your stone body is resilient. (AC +3)
You are immune to poison.
You resist negative energy. (rN+)
You are resistant to electric shocks. (rElec)
You are resistant to unholy torment.
You are immune to petrification.


Message History

Okay, then.
Unknown command.
Unknown command.
c - 61 stones (gained 15)
There is an entrance to Ytaabugo's Armour Emporium here.
Unknown command.
g - a scroll labelled BUYVVI OMOIFU
Found a stone staircase leading down.
Found a hand axe.
You see here a +0 hand axe.
h - a +0 hand axe You see here a +0 short sword.
You pick up Ozocubu's Autobiography and begin reading...
You add the spells Ozocubu's Armour and Ozocubu's Refrigeration to your library.
Crazy Yiuf shouts!
Casting: Sandblast (safe; 3% risk of failure)
Confirm with . or Enter, or press ? or * to list all spells.
Okay, then.
You open the door.
Casting: Sandblast (safe; 3% risk of failure)
Confirm with . or Enter, or press ? or * to list all spells.
Aiming: Sandblast (safe; 3% risk of failure)
Press: ? - help, Shift-Dir - straight line, f - Crazy Yiuf
Aim: Crazy Yiuf, wielding a +2 quarterstaff of chaos and wearing a +0 cloak (82% to hit)
You miscast Sandblast.
You are very lightly contaminated with residual magic.
Nothing appears to happen.
Crazy Yiuf hits you with a +2 quarterstaff of chaos!
Ouch! That really hurt!
You resist with significant effort.
Casting: Sandblast (safe; 3% risk of failure)
Confirm with . or Enter, or press ? or * to list all spells.
Aiming: Sandblast (safe; 3% risk of failure)
Press: ? - help, Shift-Dir - straight line, f/p - Crazy Yiuf
Aim: Crazy Yiuf, wielding a +2 quarterstaff of chaos and wearing a +0 cloak (82% to hit)
The blast of sand hits Crazy Yiuf but does no damage.
Crazy Yiuf says, "Papa!
Gnoll seventy pizzabubble."
Crazy Yiuf hits you with a +2 quarterstaff of chaos!
Ouch! That really hurt!
You die...

#....####....##..##
##..## #....#..##
♣....♣ #....#.##
♣...♣♣ #....#.#
♣♣.♣♣ ######.# ♣.♣♣
#..##..# ### ♣♣.♣
#.....## #.. ♣.♣♣
#....## #.# ♣♣@♣
#....#####.# #g#
######.....# ...
#...[..##### #...#
#........... #..)#
#.^.....#... #####
#........#[#
######....∩.
#...#.# #..#...


You could see Crazy Yiuf.

Vanquished Creatures
  3 dart slugs (D:1)
  3 ball pythons (D:1)
  An endoplasm (D:1)
  A giant cockroach (D:1)
  6 goblins
  4 hobgoblins (D:1)
  3 bats
  A frilled lizard (D:2)
  2 kobolds (D:2)
  A rat (D:2)
25 creatures vanquished.

Notes
Turn   | Place    | Note
-------+----------+-------------------------------------------
     0 | D:1      | Kaptain the Gargoyle Earth Elementalist began the quest for
                  | the Orb.
     0 | D:1      | Reached XP level 1. HP: 10/10 MP: 3/3
    26 | D:1      | Found a faded altar of an unknown god.
   238 | D:1      | Reached XP level 2. HP: 16/16 MP: 1/5
   966 | D:1      | Reached skill level 1 in Fighting
   966 | D:1      | Reached skill level 1 in Conjurations
   995 | D:1      | Reached XP level 3. HP: 20/20 MP: 6/6
   999 | D:1      | Learned a level 3 spell: Stone Arrow
  1391 | D:2      | Found Pisepeku's Distillery.
  1398 | D:2      | Reached skill level 4 in Earth Magic
  1401 | D:2      | Reached skill level 1 in Armour
  1507 | D:2      | Bought a potion of degeneration for 12 gold pieces
  1583 | D:2      | Found a runed translucent door.
  1584 | D:2      | Noticed Crazy Yiuf
  1698 | D:2      | Found Ytaabugo's Armour Emporium.
  1927 | D:2      | Mangled by Crazy Yiuf

Illustrated notes

Levels and vault maps discovered:
D:1:      sevenhm_arrival_forest_fort_small_4, layout_loops_corners,
          hellmonk_ecumenical_altar_crossroads
D:2:      layout_rooms, serial_shops, nicolae_shop_advertising_works
          [nicolae_subvault_shop_adworks], nicolae_shop_statue_plus,
          corexii_item_surrounded_by_moat, uniq_crazy_yiuf_cottage

Skill      XL: |  1  2  3 |
---------------+----------+-----
Fighting       | 1 |  1.0
Conjurations   | 1 |  1.0
Earth Magic    | 4 |  4.0
Armour         | 1 |  1.0
Dodging        | |  1.7
Stealth        | |  2.1
Spellcasting   | |  2.2
Transmutations | |  0.7

Action                   || total
-------------------------++-------
Melee: Dagger            ||    52
       Short sword       ||     1
 Cast: Sandblast         ||    21
 Stab: Sleeping          ||     3
Armor: Robe              ||    14
Dodge: Dodged            ||    33
